 Dungeon Crawl Stone Soup version 0.27.1 (console) character file.

Game seed: 4686735008740919297

436 thromnambular the Skirmisher (level 7, 0/76 HPs)
             Began as an Ogre Delver on Aug 29, 2021.
             Was a Believer of Kikubaaqudgha.
             Slain by a goblin (3 damage)
             ... on level 4 of the Dungeon.
             The game lasted 00:08:33 (3647 turns).

thromnambular the Skirmisher (Ogre Delver)          Turns: 3647, Time: 00:08:33

Health: 0/76       AC:  3    Str: 23    XL:     7   Next: 1%
Magic:  9/9        EV: 10    Int: 12    God:    Kikubaaqudgha [**....]
Gold:   129        SH:  0    Dex: 11    Spells: 5/9 levels left

rFire    . . .     SeeInvis .   e - +2 hand axe (elec)
rCold    . . .     Faith    .   (no shield)
rNeg     . . .     Spirit   .   b - +0 robe
rPois    .         Reflect  .   (helmet restricted)
rElec    .         Harm     .   (no cloak)
rCorr    .         Rampage  .   (gloves unavailable)
Will     .....                  (boots unavailable)
Stlth    ++........             (no amulet)
HPRegen  0.22/turn              l - +6 ring of strength
MPRegen  0.11/turn              (no ring)

@: attractive, hasted, very quick
A: large, unfitting armour, tough skin 1
a: Renounce Religion, Receive Corpses


You were on level 4 of the Dungeon.
You worshipped Kikubaaqudgha.
Kikubaaqudgha was pleased with you.
You visited 1 branch of the dungeon, and saw 5 of its levels.

You collected 129 gold pieces.

Inventory:

Hand Weapons
 e - a +2 hand axe of electrocution (weapon)
Armour
 b - a +0 robe (worn)
Jewellery
 l - a +6 ring of strength (left hand)
Wands
 d - a wand of iceblast (9)
 g - a wand of digging (3)
 j - a wand of flame (12)
Scrolls
 c - a scroll of fog
 f - a scroll of immolation {unknown}
 i - a scroll of enchant armour {unknown}
 k - a scroll of amnesia {unknown}
Potions
 o - a potion of might


   Skills:
 + Level 6.4 Fighting
 + Level 1.3(2.8) Axes
 - Level 3.6(3.7) Maces & Flails
 + Level 3.9 Dodging
 - Level 3.7 Stealth
 + Level 1.6 Spellcasting


You had 5 spell levels left.
You knew the following spells:

 Your Spells              Type           Power      Damage    Failure   Level
a - Pain                  Necr           0%         1d4       28%         1
b - Apportation           Tloc           0%         N/A       28%         1
c - Blink                 Tloc           N/A        N/A       41%         2

Your spell library contained the following spells:

 Spells                   Type           Power      Damage    Failure   Level
 Animate Skeleton         Necr           0%         N/A       28%         1
 Corona                   Hex            0%         N/A       28%         1
 Summon Small Mammal      Summ           0%         N/A       28%         1
 Corpse Rot               Necr/Air       N/A        N/A       41%         2
 Ensorcelled Hibernation  Hex/Ice        0%         N/A       41%         2
 Sublimation of Blood     Necr           0%         N/A       41%         2
 Stone Arrow              Conj/Erth      0%         3d7       65%         3
 Tukima's Dance           Hex            0%         N/A       65%         3
 Vampiric Draining        Necr           0%         2d6       65%         3
 Animate Armour           Summ/Erth      0%         N/A       96%         4
 Manifold Assault         Tloc           0%         N/A       100%        5
 Storm Form               Tmut/Air       0%         N/A       100%        7
 Lehudib's Crystal Spear  Conj/Erth      0%         10d2      100%        8


Dungeon Overview and Level Annotations

Branches:
Dungeon (5/15)
 Temple: D:4-7

Altars:
Kikubaaqudgha

Annotations:
D:4 1 runed translucent door, Crazy Yiuf


Innate Abilities, Weirdness & Mutations

You are too large for most types of armour.
You have tough skin. (AC +1)


Message History

The orc wizard flickers and vanishes!
Deactivating autopickup; reactivate with Ctrl-A.
You closely miss something. You hit the adder. You barely miss the orc wizard.
The adder bites you but does no damage. The orc wizard closely misses you.
Something hits you. Something burns you. The adder bites you.
You miss something. You hit the adder. You miss the orc wizard.
The orc wizard hits you with a +0 dagger.
The adder closely misses you. Something hits you. Something burns you.
You slash the adder!
You kill the adder!
Kikubaaqudgha accepts your kill.
You closely miss the orc wizard. You barely miss something.
The orc wizard points at you and mumbles some strange words.
You resist with some effort.
You hear some strange, mumbled words.
A magic dart appears from out of thin air!
The magic dart hits you!
* * * LOW HITPOINT WARNING * * *
You have reached level 7!
You feel yourself speed up.
The orc wizard gestures at you while chanting.
The puff of flame hits you.
* * * LOW HITPOINT WARNING * * *
Something hits you.
* * * LOW HITPOINT WARNING * * *
Something burns you.
* * * LOW HITPOINT WARNING * * *
The goblin hits you with a +0 club.
* * * LOW HITPOINT WARNING * * *
It was a potion of magic.
Magic courses through your body.
You feel less confused. The orc wizard barely misses you. Something hits you.
* * * LOW HITPOINT WARNING * * *
Something burns you.
* * * LOW HITPOINT WARNING * * *
It was a potion of attraction.
You feel attractive to monsters. The goblin hits you with a +0 club.
You die...
Kikubaaqudgha rasps: "You have failed me!
Welcome... death!"

.....#≈.......,,,,≈*,*
.#####≈.....#,,...§#,*
.# #≈....,*,,...≈#,*
## #≈..#,,*,,#..≈#,* #
###≈..#,,*,,#..≈#,*
####.'...#######...+,*
.....#≈..#..#..#..≈#**
.)####≈..#..#..#g{≈#
#.## #≈.....#...@o≈#
.#.###§.....#.....≈#
###..#§...........≈#
.#...#§≈≈§≈≈.≈≈≈≈§§#
#.##.#######+#######
####.........* #
##########* #


You could see an orc wizard and a goblin.

Vanquished Creatures
  Grinder (D:3)
  A hound (D:4)
  A jelly (D:4)
  An orc priest (D:4)
  Ijyb (D:3)
  An orc wizard (D:4)
  2 adders
  2 dart slugs (D:1)
  5 orcs
  7 endoplasms
  2 giant cockroaches
  2 goblins (D:1)
  7 hobgoblins
  13 jackals
  7 ball pythons
  7 bats
  2 frilled lizards
  6 kobolds
  3 rats
71 creatures vanquished.

Notes
Turn   | Place    | Note
-------+----------+-------------------------------------------
     0 | D:5      | thromnambular the Ogre Delver began the quest for the Orb.
     0 | D:5      | Reached XP level 1. HP: 24/24 MP: 1/1
     1 | D:5      | Noticed a wyvern zombie
     4 | D:4      | Noticed an orc priest
   133 | D:2      | Found a faded altar of an unknown god.
   134 | D:2      | Noticed a floating eye
   136 | D:2      | Noticed an eye of devastation
   136 | D:2      | Noticed a golden eye
   136 | D:2      | Noticed a great orb of eyes
   142 | D:2      | Reached XP level 2. HP: 9/32 MP: 2/2
   143 | D:2      | Became a worshipper of Kikubaaqudgha
   143 | D:2      | Reached * piety under Kikubaaqudgha
   143 | D:2      | Received a gift from Kikubaaqudgha
   406 | D:2      | Learned a level 1 spell: Pain
   945 | D:1      | Reached XP level 3. HP: 26/40 MP: 3/3
  1147 | D:1      | You fall into a shaft and drop 1 floor!
  1236 | D:1      | Reached ** piety under Kikubaaqudgha
  2020 | D:3      | Noticed Ijyb
  2286 | D:3      | Noticed Grinder
  2291 | D:3      | Paralysed by Grinder for 6 turns
  2309 | D:3      | Paralysed by Grinder for 5 turns
  2317 | D:3      | Paralysed by Grinder for 2 turns
  2345 | D:3      | Killed Grinder
  2346 | D:3      | Reached skill level 6 in Fighting
  2346 | D:3      | Reached XP level 4. HP: 52/52 MP: 4/4
  2346 | D:3      | Reached XP level 5. HP: 59/59 MP: 5/5
  2346 | D:3      | Reached XP level 6. HP: 67/67 MP: 6/6
  2407 | D:3      | Killed Ijyb
  2825 | D:3      | Learned a level 1 spell: Apportation
  3047 | D:4      | Reached skill level 1 in Spellcasting
  3114 | D:4      | Found a runed translucent door.
  3115 | D:4      | Noticed Crazy Yiuf
  3222 | D:4      | Learned a level 2 spell: Blink
  3567 | D:4      | Reached skill level 1 in Axes
  3645 | D:4      | Reached XP level 7. HP: 12/76 MP: 9/9
  3646 | D:4      | HP: 3/76 [something (1)]
  3647 | D:4      | Slain by a goblin

Illustrated notes

Levels and vault maps discovered:
D:1:      wander_arrival_lonely_grave, layout_rooms,
          chequers_serial_rivers_small_b
D:2:      layout_rooms, hellmonk_ecumenical_altar_watching_god, glass_columns_a
D:3:      layout_rooms, kennysheep_donut, uniq_grinder, uniq_ijyb
D:4:      cheibrodos_thug_alley, layout_loops_ring, kennysheep_generic_room_16,
          uniq_crazy_yiuf_cottage
D:5:      layout_rooms, minmay_temple_entry_mini_moons, uniq_pikel

Skill      XL: |  1  2  3  4  5  6 |
---------------+-------------------+-----
Maces & Flails | 2 3 |  3.6
Dodging        | 2 3 |  3.9
Fighting       | 6 |  6.4
Spellcasting   | 1 |  1.6
Axes           | 1 |  1.3
Stealth        | |  3.7

Action                   |  1- 3 |  4- 6 |  7- 9 || total
-------------------------+-------+-------+-------++-------
Melee: Mace              |   149 |    15 |       ||   164
       Hand axe          |       |    60 |       ||    60
Throw: Throwing net      |     1 |       |       ||     1
 Cast: Pain              |     1 |       |       ||     1
  Use: Scroll            |     3 |     2 |       ||     5
       Potion            |     3 |       |     3 ||     6
 Stab: Sleeping          |     5 |     4 |       ||     9
       Distracted        |       |     1 |       ||     1
Armor: Robe              |    51 |    12 |       ||    63
       Skin              |    15 |       |       ||    15
Dodge: Dodged            |    94 |    29 |     1 ||   124
